 Dungeon Crawl Stone Soup version 0.29.1-4-g47bece8355 (webtiles) character file.

Game seed: 329016291183433833

102240 croobank the Fighter (level 15, -1/119 (123) HPs)
             Began as a Demonspawn Conjurer on Dec 1, 2022.
             Was an Initiate of Gozag.
             Succumbed to barbed spike wounds
             ... on level 1 of the Spider Nest on Dec 2, 2022.
             The game lasted 02:53:44 (53529 turns).

croobank the Fighter (Demonspawn Conjurer)         Turns: 53529, Time: 02:53:44

HP:   -1/119 (123)  AC: 15    Str:  8    XL:     15   Next: 85%
MP:   0/30          EV: 15    Int: 31    God:    Gozag
Gold: 2348          SH:  6    Dex: 13    Spells: 3/36 levels left

rFire   + . .      SeeInvis .   a - +2 dagger (venom)
rCold   . . .      Faith    .   e - +1 buckler
rNeg    . . .      Spirit   .   X - +2 leather armour {rF+}
rPois   .          Reflect  .   r - +2 helmet
rElec   .          Harm     .   U - +0 cloak
rCorr   .          Rampage  .   (gloves unavailable)
Will    +....                   q - +0 pair of boots
Stlth   ++++......              g - amulet of the acrobat
HPRegen 0.29/turn               n - +4 ring of protection
MPRegen 0.22/turn               A - +6 ring of intelligence

@: lethally poisoned (-1 -> -26), swift, spiked, gold aura, lightly drained,
very quick
A: rugged brown scales 1, foul stench 1, demonic magic 3, bedeviling, demonic
touch 3
a: Renounce Religion, Potion Petition, Call Merchant, Bribe Branch


You were on level 1 of the Spider Nest.
You worshipped Gozag.
Gozag was most pleased with you.
You visited 6 branches of the dungeon, and saw 26 of its levels.
You also visited: Volcano.

You collected 7763 gold pieces.
You spent 1964 gold pieces at shops.
You paid 3451 gold pieces to Gozag.

Inventory:

Hand Weapons
 a - a +2 dagger of venom (weapon)
 C - a +3 short sword of venom
 F - a +3 falchion of freezing
 L - a +4 vorpal long sword
 Y - a +0 great sword of flaming
 Z - a +0 war axe
Missiles
 v - 6 silver javelins (quivered)
 w - 19 boomerangs
Armour
 e - a +1 buckler (worn)
 q - a +0 pair of boots (worn)
 r - a +2 helmet (worn)
 y - a +0 pair of gloves
 N - a +0 leather armour of cold resistance
 U - a +0 cloak (worn)
 W - a +2 robe of fire resistance
 X - a +2 leather armour of fire resistance (worn)
Magical Staves
 P - a staff of conjuration
Jewellery
 g - an amulet of the acrobat (around neck)
 n - a +4 ring of protection (left hand)
 o - a ring of resist corrosion
 A - a +6 ring of intelligence (right hand)
 K - a ring of wizardry
 R - an amulet of reflection
Wands
 u - a wand of roots (4)
 G - a wand of charming (3)
Scrolls
 h - 5 scrolls of immolation
 i - 3 scrolls of vulnerability
 t - 4 scrolls of teleportation
 D - 4 scrolls of fog
 I - 10 scrolls of identify
 M - 2 scrolls of brand weapon
 O - 2 scrolls of silence
 T - 2 scrolls of torment
Potions
 c - 2 potions of heal wounds
 d - 6 potions of might
 f - 3 potions of haste
 j - a potion of ambrosia
 l - 2 potions of berserk rage
 m - 2 potions of mutation
 p - 3 potions of curing
 x - 2 potions of resistance
 z - a potion of invisibility
 B - 4 potions of lignification
 E - a potion of flight {unknown}
 Q - 3 potions of attraction
 S - a potion of brilliance
Miscellaneous
 b - a condenser vane
 k - a box of beasts
 s - a phial of floods (inert)
 H - a tin of tremorstones (2/2)
 J - a lightning rod (4/4)


   Skills:
 - Level 11.9 Fighting
 - Level 11.3 Dodging
 - Level 11.0 Stealth
 - Level 5.0 Shields
 - Level 11.1 Spellcasting
 - Level 10.0 Conjurations
 - Level 5.0 Hexes
 + Level 6.9 Summonings
 - Level 5.0 Translocations
 - Level 5.0 Transmutations
 - Level 6.0 Air Magic
 - Level 5.2 Evocations


You had 3 spell levels left.
You knew the following spells:

 Your Spells              Type           Power      Damage    Failure   Level
a - Magic Dart            Conj           100%       1d8       1%          1
b - Searing Ray           Conj           100%       2d8       1%          2
c - Dazzling Flash        Conj/Hex       100%       N/A       1%          3
d - Iskenderun's Mystic   Conj/Tloc      59%        2d12      2%          4
e - Lightning Bolt        Conj/Air       30%        1d47      5%          5
f - Beastly Appendage     Tmut           96%        N/A       1%          1
g - Wereblood             Tmut           48%        N/A       1%          2
h - Airstrike             Air            26%        2d(4-20)  4%          4
i - Blink                 Tloc           96%        N/A       1%          2
j - Apportation           Tloc           96%        N/A       1%          1
k - Summon Forest         Summ/Tloc      26%        N/A       13%         5
l - Swiftness             Air            53%        N/A       1%          3

Your spell library contained the following spells:

 Spells                   Type           Power      Damage    Failure   Level
 Summon Small Mammal      Summ           100%       N/A       1%          1
 Lesser Beckoning         Tloc           48%        N/A       1%          3
 Poisonous Vapours        Pois/Air       72%        N/A       2%          2
 Necrotise                Necr           68%        1d7       5%          1
 Spider Form              Tmut/Pois      32%        N/A       6%          3
 Sublimation of Blood     Necr           17%        N/A       9%          2
 Fulminant Prism          Conj/Hex       38%        3d18      2%          4
 Summon Lightning Spire   Summ/Air       55%        N/A       3%          4
 Hailstorm                Conj/Ice       48%        3d11      7%          4
 Irradiate                Conj/Tmut      29%        3d21      7%          5
 Freezing Cloud           Conj/Ice/Air   25%        6-21      17%         5
 Ice Form                 Ice/Tmut       32%        N/A       19%         4
 Petrify                  Tmut/Erth      32%        N/A       19%         4
 Manifold Assault         Tloc           48%        N/A       19%         5
 Dispel Undead            Necr           17%        3d10      47%         4
 Alistair's Intoxication  Tmut/Pois      21%        N/A       47%         5
 Metabolic Englaciation   Hex/Ice        24%        N/A       47%         5
 Starburst                Conj/Fire      24%        6d8       71%         6
 Borgnjor's Vile Clutch   Necr/Erth      8%         N/A       83%         5
 Statue Form              Tmut/Erth      21%        N/A       96%         6
 Death Channel            Necr           8%         N/A       100%        6
 Maxwell's Capacitive Co  Air            26%        ∞         100%        8
 Summon Horrible Things   Summ           28%        N/A       100%        8
 Polar Vortex             Ice            8%         N/A       100%        9
 Corpse Rot               Necr/Pois/Air  Unusable   N/A       N/A         4
 Animate Dead             Necr           Unusable   N/A       N/A         4
 Simulacrum               Ice/Necr       Unusable   N/A       N/A         6

Dungeon Overview and Level Annotations

Branches:
Dungeon (15/15) Temple (1/1) D:4 Lair (5/5) D:9 Swamp (0/4) Lair:3 Spider (1/4) Lair:2 Slime (0/5) Lair:5 Orc (2/2) D:12 Elf (2/3) Orc:2 Vaults (0/5) D:12 D:13 Depths (0/4) D:15 Volcano (visited)

Altars:
Ashenzari
Dithmenos
Fedhas
Gozag
Hepliaklqana
Kikubaaqudgha
Makhleb
Sif Muna
Trog
Uskayaw
Vehumet
Wu Jian
Xom
Yredelemnul
Jiyva

Shops:
D:15 *   Orc:2 (([:   Lair:2 :

Annotations:
D:12 2 transporters, wingedge's ghost, journeyman DgTm
Lair:3 1 runed translucent door
Lair:4 3 runed translucent doors


Innate Abilities, Weirdness & Mutations

You are partially covered in rugged brown scales. (AC +1, +3% HP)
You may rarely emit foul miasma when damaged in melee.
Spells you cast and wands you use may paralyse nearby enemies.
Your hexes are more powerful.
Your touch may irresistibly damage your foes and sap their willpower.


Message History

The mystic blast hits the wolf spider!
The wolf spider is moderately wounded.
The wolf spider is knocked back by the mystic blast.
The wolf spider collides with something!
The wolf spider is heavily wounded.
The mystic blast hits the steelbarb worm!
The steelbarb worm is lightly wounded.
The steelbarb worm is knocked back by the mystic blast.
The steelbarb worm slams into the rock wall!
The steelbarb worm is moderately wounded.
The mystic blast hits the entropy weaver!
The entropy weaver is lightly wounded.
The entropy weaver is knocked back by the mystic blast.
The mystic blast hits the culicivora!
The culicivora is moderately wounded.
The culicivora is knocked back by the mystic blast.
The mystic blast hits the tarantella!
The tarantella is almost dead.
The tarantella is knocked back by the mystic blast.
The tarantella slams into the rock wall!
You kill the tarantella!
The mystic blast hits the wolf spider.
The wolf spider is lightly wounded.
The wolf spider is knocked back by the mystic blast.
Malevolent energies surge around you.
The wolf spider suddenly stops moving! x2
The steelbarb worm suddenly stops moving!
The tarantella suddenly stops moving!
The redback suddenly stops moving!
The orb spider suddenly stops moving!
The redback suddenly stops moving!
The culicivora suddenly stops moving!
* * * LOW HITPOINT WARNING * * *
You feel extremely sick.
You feel you are being watched by something.
You feel your power leaking away.
The orb spider spins a strand of pure energy.
The barbs in your skin will harm you if you move.
Continue?
* * * LOW HITPOINT WARNING * * *
You feel extremely sick.
The barbed spikes dig painfully into your body as you move.
You die...
Your body crumbles into a pile of gold.

$ .. .....^#
... .......
.... .......
...s# .......
....s~ .s.....
#...Bs##$ss....
#...$.w$$...#.
#...s.@..s^$..
#....$.°:.#.#.
$
#.#ss...#.....
#~#y#s.. .... #
#..B... ...
......^. #. ^.
.......
###...s!...# $


You could see 2 entropy weavers, a steelbarb worm (paralysed), 2 wolf spiders, a
moth of wrath, 2 orb spiders, a culicivora (paralysed), 2 jumping spiders, 2
tarantellas and 3 redbacks.

Vanquished Creatures
  Kirke (D:14)
  An orc warlord (Orc:2)
  Nessos (D:13)
  A dire elephant (D:14)
  Josephine (Lair:3)
  8 hydras
  3 catoblepae
  A radroach (Lair:2)
  A dancing weapon (Volcano)
  5 two-headed ogres
  2 boulder beetles
  6 centaur warriors
  10 death yaks
  5 tengu warriors
  A deep troll shaman (Lair:5)
  An orc high priest (Orc:1)
  A deep elf knight (Elf:1)
  A skeletal warrior (D:12)
  A pharaoh ant (Lair:2)
  4 wizards
  4 deep elf pyromancers
  A deep elf archer (Elf:1)
  3 deep elf zephyrmancers (Elf:1)
  14 ugly things
  3 orc knights
  An orc sorcerer (Orc:2)
  An oklob plant (Lair:4)
  3 manticores
  5 cyclopes
  5 elephants
  A guardian serpent (D:13)
  4 toenail golems (Volcano)
  5 black mambas
  12 cane toads
  Joseph (D:7)
  3 gargoyles
  A torpor snail (Lair:5)
  A rime drake (shapeshifter) (D:14)
  An unseen horror (D:10)
  3 rime drakes
  4 tengu conjurers
  3 freezing wraiths (Elf:1)
  5 komodo dragons
  An efreet (D:15)
  A meliai (Lair:1)
  A hornet (Lair:2)
  6 trolls
  A tyrant leech (Lair:3)
  6 tarantellas
  4 polar bears
  26 slime creatures
  13 blink frogs
  Sigmund (D:5)
  A jumping spider (shapeshifter) (D:14)
  11 wyverns
  2 shadows
  16 humans
  A water elemental (D:15)
  A yak (shapeshifter) (D:13)
  8 wraiths
  4 hogs (D:14)
  38 yaks
  3 basilisks
  8 redbacks
  2 steam dragons
  A fire elemental (Elf:1)
  4 wargs
  14 vampire mosquitoes
  2 swamp worms (Lair:3)
  Edmund (D:5)
  2 acid dragons
  14 water moccasins
  36 orc warriors
  Duvessa (D:7)
  2 black bears
  3 ice beasts
  7 ogres
  6 wolves (Lair:5)
  4 centaurs
  3 phantoms
  2 kobold brigands
  9 bullfrogs
  7 necrophages (Lair:2)
  A gnoll sergeant (D:6)
  4 scorpions
  6 wights
  Dowan (D:7)
  4 killer bees
  3 troll zombies (D:12)
  An electric eel (D:7)
  The ghost of hawla the Chiller, a weakling MeIE (D:3)
  4 howler monkeys
  5 hounds
  7 jellies
  A gnoll bouda (D:9)
  17 orc priests
  6 iguanas
  32 orc wizards
  5 ogre zombies (D:12)
  Robin (D:3)
  3 adders
  9 gnolls
  3 shadow imps
  2 white imps
  2 worms
  2 dart slugs
  98 orcs
  7 ball pythons
  3 bats (D:2)
  8 endoplasms
  4 giant cockroaches
  17 goblins
  7 hobgoblins
  6 jackals (D:1)
  2 quokkas
  A frilled lizard (D:1)
  2 goblin zombies (D:12)
  A hobgoblin skeleton (D:12)
  4 hobgoblin zombies (D:12)
  17 kobolds
  An orc skeleton (D:12)
  17 orc zombies (D:12)
  9 rats
  A bush (Lair:4)
737 creatures vanquished.

Vanquished Creatures (collateral kills)
  Frances (D:14)
  A rakshasa (D:14)
  A centaur simulacrum (D:14)
3 creatures vanquished.

Vanquished Creatures (others)
  A wraith (D:13)
  2 orc warriors (Orc:2)
  An orc priest (Orc:2)
  A shadow imp (D:7)
  An orc (Orc:2)
  A goblin (D:3)
  3 bushes
  45 fungi
  94 plants
  8 toadstools (Lair:3)
157 creatures vanquished.

Grand Total: 897 creatures vanquished

Notes
Turn   | Place    | Note
-------+----------+-------------------------------------------
     0 | D:1      | croobank the Demonspawn Conjurer began the quest for the
                  | Orb.
     0 | D:1      | Reached XP level 1. HP: 13/13 MP: 3/3
   380 | D:1      | Gained mutation: Your touch may inflict minor irresistible
                  | damage on your foes. [demonic ancestry]
   380 | D:1      | Reached XP level 2. HP: 19/19 MP: 0/5
   383 | D:1      | Learned a level 2 spell: Searing Ray
  1118 | D:1      | Found a faded altar of an unknown god.
  1159 | D:1      | Gained mutation: Spells you cast may paralyse adjacent
                  | enemies. [demonic ancestry]
  1159 | D:1      | Reached XP level 3. HP: 15/24 MP: 1/6
  1274 | D:1      | Learned a level 3 spell: Dazzling Flash
  2587 | D:2      | Gained mutation: You are partially covered in rugged brown
                  | scales. (AC +1, +3% HP) [demonic ancestry]
  2587 | D:2      | Reached XP level 4. HP: 24/30 MP: 5/7
  2660 | D:2      | Found a shadowy altar of Dithmenos.
  2992 | D:3      | Found a transporter.
  2999 | D:3      | Noticed hawla's ghost (weakling MeIE)
  3010 | D:3      | Found a transporter.
  3015 | D:3      | Noticed Robin
  3785 | D:3      | Killed Robin
  4576 | D:4      | Reached XP level 5. HP: 37/37 MP: 3/9
  4970 | D:4      | Found a staircase to the Ecumenical Temple.
  4993 | D:4      | Reached skill level 1 in Fighting
  4993 | D:4      | Reached skill level 1 in Hexes
  5064 | Temple   | Entered the Ecumenical Temple
  5101 | Temple   | Became a worshipper of Gozag Ym Sagoz the Greedy
  5554 | D:5      | Entered Level 5 of the Dungeon
  5709 | D:5      | Noticed Edmund
  5796 | D:3      | Killed hawla's ghost
  5797 | D:3      | Reached XP level 6. HP: 34/44 MP: 2/10
  5947 | D:5      | Noticed Sigmund
  5985 | D:5      | Killed Sigmund
  5986 | D:5      | Reached skill level 5 in Conjurations
  6166 | D:5      | Gained mutation: You may rarely emit foul miasma when
                  | damaged in melee. [demonic ancestry]
  6166 | D:5      | Reached XP level 7. HP: 23/51 MP: 9/12
  6886 | D:5      | Found a bloodstained altar of Trog.
  6943 | D:5      | Found a shimmering blue altar of Sif Muna.
  6947 | D:5      | Got Sif Muna's Octavo of Despicable Rites
  7174 | D:5      | Killed Edmund
  7479 | D:5      | Reached XP level 8. HP: 51/59 MP: 8/14
 10057 | D:5      | Reached skill level 5 in Stealth
 10061 | D:5      | Reached skill level 5 in Spellcasting
 10061 | D:5      | Gained mutation: Your touch may inflict irresistible damage
                  | on your foes. [demonic ancestry]
 10061 | D:5      | Reached XP level 9. HP: 53/67 MP: 6/16
 10268 | D:6      | Reached skill level 5 in Dodging
 10980 | D:7      | Noticed Joseph
 10994 | D:7      | Killed Joseph
 10995 | D:7      | Reached skill level 5 in Fighting
 10995 | D:7      | Reached skill level 5 in Hexes
 11579 | D:7      | Noticed Duvessa
 11580 | D:7      | Noticed Dowan
 11595 | D:7      | Reached skill level 1 in Translocations
 11597 | D:7      | Killed Duvessa
 11798 | D:7      | Killed Dowan
 12100 | D:7      | Gained mutation: Spells you cast may paralyse nearby
                  | enemies. [demonic ancestry]
 12100 | D:7      | Reached XP level 10. HP: 76/76 MP: 9/18
 12389 | D:7      | Found a blossoming altar of Fedhas.
 13593 | D:9      | Noticed a two-headed ogre
 14089 | D:9      | Killed a two-headed ogre
 14758 | D:9      | Found a staircase to the Lair.
 15395 | D:9      | Found a basalt altar of Yredelemnul.
 15983 | D:9      | Gained mutation: Spells you cast and wands you use may
                  | paralyse nearby enemies. [demonic ancestry]
 15983 | D:9      | Reached XP level 11. HP: 83/85 MP: 16/21
 15990 | D:9      | Learned a level 4 spell: Iskenderun's Mystic Blast
 16036 | D:10     | Entered Level 10 of the Dungeon
 16548 | D:10     | Reached skill level 5 in Translocations
 17369 | D:10     | Noticed a two-headed ogre
 17377 | D:10     | Killed a two-headed ogre
 17656 | D:11     | Noticed a two-headed ogre
 17666 | D:11     | Killed a two-headed ogre
 17997 | D:11     | Noticed a wizard
 18006 | D:11     | Killed a wizard
 18056 | D:11     | Noticed a two-headed ogre
 18069 | D:11     | Killed a two-headed ogre
 18820 | D:12     | Found a transporter.
 18821 | D:12     | Noticed wingedge's ghost (journeyman DgTm)
 19172 | D:12     | Identified the +7 chain mail "Yguff" {+Inv Fly Str-5 Int+7}
 19240 | D:12     | Gained mutation: Your touch may irresistibly damage your
                  | foes and sap their willpower. [demonic ancestry]
 19240 | D:12     | Reached XP level 12. HP: 86/94 MP: 0/23
 19250 | D:12     | Found a transporter.
 19526 | D:12     | Found a staircase to the Orcish Mines.
 20877 | D:13     | Noticed a two-headed ogre
 20877 | D:13     | Noticed Nessos
 20877 | D:13     | Found a gate to the Vaults.
 20884 | D:12     | HP: 4/95 [poisoned by Nessos]
 21900 | D:9      | Learned a level 5 spell: Lightning Bolt
 21901 | Lair:1   | Entered Level 1 of the Lair of Beasts
 22113 | Lair:1   | Found a dark tunnel.
 22138 | Volcano  | Entered a volcano
 22152 | Volcano  | Reached skill level 1 in Summonings
 22152 | Volcano  | Reached skill level 1 in Air Magic
 22717 | Lair:1   | Noticed a death yak
 22717 | Lair:1   | Noticed a death yak
 22717 | Lair:1   | Noticed a death yak
 22717 | Lair:1   | Noticed a death yak
 22813 | Lair:1   | Killed a death yak
 22814 | Lair:1   | Reached skill level 10 in Conjurations
 22829 | Lair:1   | Killed a death yak
 22835 | Lair:1   | Killed a death yak
 22842 | Lair:1   | Killed a death yak
 23595 | Lair:2   | Noticed a catoblepas
 23596 | Lair:2   | Noticed a five-headed hydra
 23632 | Lair:1   | Killed a five-headed hydra
 23845 | Lair:1   | Reached XP level 13. HP: 38/104 MP: 8/25
 25402 | Lair:2   | Found a hole to the Spider Nest.
 26090 | Lair:3   | Noticed Josephine
 26097 | Lair:3   | Killed Josephine
 26250 | Lair:2   | Reached skill level 1 in Shields
 26859 | Lair:3   | Reached skill level 10 in Stealth
 27546 | Lair:3   | Noticed a dire elephant
 27566 | Lair:3   | Found a runed translucent door.
 27904 | Lair:3   | Found a staircase to the Swamp.
 28300 | Lair:4   | Found a runed translucent gate.
 28300 | Lair:4   | Found a runed translucent gate.
 28300 | Lair:4   | Found a runed translucent gate.
 28333 | Lair:4   | Learned a level 1 spell: Beastly Appendage
 28336 | Lair:4   | Learned a level 2 spell: Wereblood
 28341 | Lair:4   | Learned a level 4 spell: Airstrike
 29348 | Lair:4   | Reached skill level 5 in Summonings
 30247 | Lair:5   | Entered Level 5 of the Lair of Beasts
 30264 | Lair:5   | Found a staircase to the Slime Pits.
 30264 | Lair:5   | Found a viscous altar of Jiyva.
 30908 | Lair:5   | Reached skill level 10 in Fighting
 30908 | Lair:5   | Gained mutation: Your hexes are more powerful. [demonic
                  | ancestry]
 30908 | Lair:5   | Reached XP level 14. HP: 86/113 MP: 11/27
 31172 | Lair:5   | Reached skill level 5 in Air Magic
 34119 | Lair:5   | Reached skill level 10 in Spellcasting
 34455 | Orc:1    | Entered Level 1 of the Orcish Mines
 34742 | Orc:1    | Reached skill level 10 in Dodging
 35994 | Orc:2    | Entered Level 2 of the Orcish Mines
 35994 | Orc:2    | Found a staircase to the Elven Halls.
 38259 | Orc:2    | Found Onoerphe's Book Boutique.
 38888 | Orc:2    | Noticed an orc warlord
 39122 | Orc:2    | Killed an orc warlord
 39389 | Orc:2    | Reached skill level 1 in Transmutations
 39622 | Orc:2    | Found Amau's Antique Weapon Shop.
 39628 | Orc:2    | Found Pamaacs's Antique Armour Boutique.
 39756 | Orc:2    | Found Hezusedo's Weapon Shop.
 39840 | Orc:2    | Bought a book of Sloth for 468 gold pieces
 39968 | Elf:1    | Entered Level 1 of the Elven Halls
 40006 | Elf:1    | Reached skill level 5 in Shields
 41687 | D:12     | Reached XP level 15. HP: 40/121 MP: 21/29
 42634 | D:13     | Killed Nessos
 45255 | D:13     | Reached skill level 1 in Evocations
 46020 | D:13     | You fall into a shaft and drop 2 floors!
 46020 | D:15     | Entered Level 15 of the Dungeon
 46027 | D:15     | Learned a level 2 spell: Blink
 46029 | D:15     | Learned a level 1 spell: Apportation
 46049 | D:15     | Found Koarom's General Store.
 47362 | D:14     | Noticed Kirke
 47371 | D:14     | Killed Kirke
 47735 | D:14     | Noticed Frances
 47748 | D:14     | Killed Frances
 50858 | D:14     | Reached skill level 5 in Evocations
 51405 | D:15     | Reached skill level 5 in Transmutations
 51468 | D:15     | Found a staircase to the Depths.
 51621 | D:15     | Bought a potion of haste for 180 gold pieces
 52002 | Spider:1 | Entered Level 1 of the Spider Nest
 52008 | Lair:2   | Bought the Teachings on Terrestrial Convocation for 644
                  | gold pieces
 52014 | Lair:2   | Learned a level 5 spell: Summon Forest
 52031 | Lair:2   | HP: 6/123 [poisoned by a redback]
 52036 | Lair:2   | HP: 3/123 [poisoned by a redback]
 52438 | Lair:2   | Bought the Volume of Pollution and Feathers for 672 gold
                  | pieces
 52442 | Lair:2   | Learned a level 3 spell: Swiftness
 52911 | Spider:1 | HP: 2/116 [redback (7)]
 53528 | Spider:1 | HP: 5/119 [poisoned by a redback]
 53529 | Spider:1 | Succumbed to barbed spike wounds

Illustrated notes

Levels and vault maps discovered:
D:1:      giann_wishing_wells, layout_basic, serial_curves, eino_curves_04,
          eino_curves_01, dreamdust_ecumenical_altar_grove
D:2:      layout_basic, basic_altar
D:3:      layout_rooms, gammafunk_ghost_arena, uniq_robin
D:4:      layout_basic, minmay_temple_entry_grid,
          minmay_misc_feat_secret_circle, minmay_misc_feat_plants
D:5:      layout_layer_cave, nzn_overflow_gifts_of_might_and_magic,
          uniq_sigmund, uniq_edmund
D:6:      layout_gridville, minmay_fractal_squares_5
D:7:      layout_cave_pods, elyvilon_altar_5,
          mainiacjoe_overflow_catch_the_wave, uniq_duvessa, uniq_joseph
D:8:      layout_basic
D:9:      layout_long_grid, pf_just_have_faith, minmay_lair_entry_grove,
          grunt_decor_arrowhead
D:10:     layout_basic, minmay_bent
D:11:     layout_gridville, roderic_roman_lattice, minmay_librarian
D:12:     layout_irregular_city, zombieorc2_lemuel, gammafunk_ghost_mausoleum
D:13:     layout_gridville, david_vaults_3, st_stairs_3,
          fake_guardian_serpent_vault
D:14:     nicolae_cairo_tiling, layout_gridville, nicolae_titane, uniq_kirke,
          uniq_frances
D:15:     hangedman_depths_entry_try_elsewhere_first, layout_rooms,
          serial_bayou_shore_a, serial_shops, nicolae_inconvenience_store
Temple:   nicolae_temple_superstar
Lair:1:   layout_concentric_octagons, nicolae_volcano_entry_hallway,
          infiniplex_staircase_pool_2, serial_bayou_shore_b
Lair:2:   layout_small_grid, hellmonk_spider_entry_not_the_bees,
          chequers_serial_rivers_micro_b, roderic_carrion_pond,
          lemuel_fruit_tree
Lair:3:   gammafunk_lair_enchanted_lake, layout_chaotic_city,
          palyth_hydra_swamp_entry, chequers_serial_rivers_small_3,
          uniq_josephine
Lair:4:   layout_small_grid, gammafunk_ghost_necromancy, minmay_lair_oklob_items
Lair:5:   grunt_lair_end_beastmaster, layout_regular_city, slime_entry_1
Spider:1: layout_spider_delve, ebering_ghost_inner_flame, guppyfry_spider_mini_1
Orc:1:    layout_diamond_mine
Orc:2:    grunt_orc_community_town_hall, layout_caves,
          grunt_orc_community_big_house_2, grunt_orc_community_big_house_1,
          grunt_orc_community_house_1, grunt_orc_community_house_1,
          grunt_orc_community_house_2, grunt_orc_community_house_1
Elf:1:    eino_elf_arrival_customs, layout_rooms, basic_altar,
          portal_ice_cave_entry_horrid_things, minmay_elf_annihilation,
          minmay_shoptagon, uniq_louise, uniq_agnes
Elf:2:    nicolae_elf_blades_crystal_corner, layout_geoelf_diagonals,
          minmay_shop_star

Skill      XL: |  1  2  3  4  5  6  7  8  9 10 11 12 13 14 15 |
---------------+----------------------------------------------+-----
Stealth        | 2 3 4 5 6 7 8 9 10 11 | 11.0
Dodging        | 2 3 4 5 6 7 8 9 10 11 | 11.3
Fighting       | 1 2 3 4 5 6 7 9 10 11 | 11.9
Hexes          | 1 2 3 4 5 |  5.0
Spellcasting   | 3 4 5 6 7 8 9 10 11 | 11.1
Conjurations   | 5 6 7 8 9 10 | 10.0
Translocations | 2 4 5 |  5.0
Summonings     | 3 5 6 |  6.9
Air Magic      | 2 4 6 |  6.0
Shields        | 3 5 |  5.0
Transmutations | 2 5 |  5.0
Evocations     | 5 |  5.2

Action                   |  1- 3 |  4- 6 |  7- 9 | 10-12 | 13-15 || total
-------------------------+-------+-------+-------+-------+-------++-------
Melee: Dagger            |     5 |    25 |    41 |   149 |     3 ||   223
       Touch             |     2 |     1 |     8 |    81 |     6 ||    98
       Short sword       |       |       |     6 |   212 |   721 ||   939
       Punch             |       |       |       |    11 |       ||    11
       Staff             |       |       |       |     4 |       ||     4
       Long sword        |       |       |       |    21 |     3 ||    24
       Halberd           |       |       |       |    17 |       ||    17
       Kick              |       |       |       |       |    29 ||    29
       Headbutt          |       |       |       |       |    25 ||    25
       Trident           |       |       |       |       |     3 ||     3
Throw: Throwing net      |       |       |       |     1 |     2 ||     3
       Javelin           |       |       |       |       |     2 ||     2
 Cast: Magic Dart        |    68 |    22 |    63 |    38 |    36 ||   227
       Searing Ray       |     7 |    30 |    67 |    40 |     3 ||   147
       Dazzling Flash    |       |       |     6 |    14 |     8 ||    28
       Iskenderun's Myst |       |       |       |   126 |   412 ||   538
       Lightning Bolt    |       |       |       |     5 |   161 ||   166
       Beastly Appendage |       |       |       |       |    11 ||    11
       Wereblood         |       |       |       |       |     8 ||     8
       Airstrike         |       |       |       |       |     5 ||     5
       Apportation       |       |       |       |       |     5 ||     5
       Swiftness         |       |       |       |       |     3 ||     3
       Blink             |       |       |       |       |     1 ||     1
       Summon Forest     |       |       |       |       |     1 ||     1
Invok: Potion Petition   |       |       |       |       |     7 ||     7
       Call Merchant     |       |       |       |       |     1 ||     1
Evoke: Wand              |       |       |     4 |       |     2 ||     6
       Phial of floods   |       |       |       |       |     1 ||     1
  Use: Scroll            |     8 |     5 |     7 |    12 |     9 ||    41
       Potion            |       |       |     4 |     6 |    14 ||    24
 Stab: Paralysed         |       |     5 |    14 |    71 |   167 ||   257
       Sleeping          |       |     4 |       |    15 |     6 ||    25
       Invisible         |       |       |       |     2 |       ||     2
       Distracted        |       |       |       |     1 |     2 ||     3
       Petrified         |       |       |       |       |     3 ||     3
Armor: Robe              |     3 |     6 |       |    63 |   201 ||   273
       Animal skin       |       |     9 |    26 |   133 |       ||   168
       Leather armour    |       |       |       |       |   167 ||   167
Dodge: Dodged            |     4 |    45 |   124 |   473 |   923 ||  1569
Block: Buckler           |       |       |       |       |   240 ||   240
